 Dungeon Crawl Stone Soup version 0.16-a0-1301-gf74d490 (webtiles) character file.

166 Ololoev the Cudgeler (level 5, -26/39 (41) HPs)
             Began as a Ghoul Gladiator on Oct 15, 2014.
             Killed from afar by Natasha (30 damage)
             ... with an exploding inner flame
             ... hexed by the player character
             ... on level 3 of the Dungeon.
             The game lasted 00:12:21 (3228 turns).

Ololoev the Cudgeler (Ghoul Gladiator)              Turns: 3228, Time: 00:12:25

HP:   -26/39 (41)   AC:  8    Str: 19    XL:     5   Next: 47%
MP:   4/4           EV: 11    Int:  8    God:
Gold: 343           SH:  0    Dex: 10    Spells: 0 memorised, 4 levels left

rFire  . . .     SeeInvis .     a - +0 flail
rCold  + . .     Clarity  .     b - +0 leather armour
rNeg   + + +     SustAb   .     (no shield)
rPois  +         Saprov   + + + c - +0 helmet
rElec  .         Spirit   .     o - +2 cloak {+Inv}
rCorr  .         Warding  .     (no gloves)
rMut   .         Stasis   .     f - +0 pair of boots
MR     .....                    (no amulet)
Stlth  +.........               (no ring)
                                (no ring)

@: brilliant, very slightly contaminated, rotting, slowed, invisible, very slow,
not resistant to hostile enchantments, very unstealthy
A: rotting body, claws 1, carnivore 3, cold resistance 1, negative energy
resistance 3, poison resistance, saprovore 3, slow healing 1, torment
resistance, unbreathing
a: no special abilities


You were on level 3 of the Dungeon.
You were not hungry.

You visited 1 branch of the dungeon, and saw 3 of its levels.

You collected 343 gold pieces.

Inventory:

Hand weapons
 a - a +0 flail (weapon)
Missiles
 d - 3 throwing nets (quivered)
Armour
 b - a +0 leather armour (worn)
 c - a +0 helmet (worn)
 f - a +0 pair of boots (worn)
 o - a +2 cloak of invisibility (worn)
Jewellery
 s - a cursed -2 ring of protection {unknown}
Magical devices
 t - a wand of slowing (28)
Scrolls
 e - 2 scrolls of recharging {unknown}
 h - a scroll of immolation
 i - 4 scrolls of remove curse {unknown}
 k - a scroll of random uselessness {unknown}
 q - a scroll of teleportation {unknown}
 r - 2 scrolls of enchant armour {unknown}
 u - a scroll of enchant weapon {unknown}
 x - a scroll of fear {unknown}
Potions
 l - a potion of confusion
Comestibles
 j - a royal jelly
 m - a beef jerky
 w - 3 rotting chunks of goblin flesh
 z - a rotting chunk of rat flesh
 A - 4 chunks of jackal flesh
 B - a chunk of jackal flesh


   Skills:
 - Level 2.1 Fighting
 + Level 5.4 Maces & Flails
 - Level 1.7 Throwing
 - Level 2.6 Dodging


You had 4 spell levels left.
You didn't know any spells.

Dungeon Overview and Level Annotations

Branches:
Dungeon (3/15)

Altars:
Cheibriados
Gozag
Qazlal
Vehumet


Innate Abilities, Weirdness & Mutations

Your body is rotting away.
You have sharp fingernails.
You are carnivorous and can eat meat at any time.
Your flesh is cold resistant.
You are immune to negative energy.
Your system is resistant to poisons.
You thrive on rotten meat.
You heal slowly when monsters are visible.
You are immune to unholy pain and torment.
You can survive without breathing.


Message History

The orc hits you but does no damage.
You are very lightly contaminated with residual magic.
The shadow imp disappears in a puff of smoke!
Natasha claws you.
* * * LOW HITPOINT WARNING * * *
You see here a tomahawk.
You hit the orc.
The orc is heavily wounded.
The orc hits you with a hand axe.
* * * LOW HITPOINT WARNING * * *
Natasha closely misses you.
The crimson imp hits you but does no damage.
You hit the orc.
The orc explodes!
The fiery explosion engulfs Natasha.
Natasha explodes!
The fiery explosion engulfs the crimson imp.
The crimson imp completely resists.
The fiery explosion engulfs you!
Ouch! That really hurt!
You die...

###########..............##.#
#
.......[....#.####..........#
## .##########.#.#
#######.#### #.
.################ #.# #.
.#..............## #.#######.
.'...............##
#.........
.#................##
##########
.##############....# # .#
##@§.# ### .# #§§5.# #.. .#
......§§§.## #.# .+
........## #.. ## .......##
##. ################ #.
#.#............# #.
#.#..#########.##########.
#.#.......................


You could see a crimson imp.

Vanquished Creatures
  An orc wizard (D:2)
  A gnoll (D:2)
  2 adders
  4 worms
  2 giant geckos (D:2)
  2 oozes (D:1)
  5 orcs (D:2)
  2 ball pythons
  9 bats
  A bat skeleton (D:3)
  2 giant cockroaches
  7 goblins
  7 hobgoblins
  12 jackals
  4 kobolds
  A quokka (D:2)
  2 giant newts
  6 rats
  A plant (D:1)
71 creatures vanquished.

Notes
Turn   | Place    | Note
--------------------------------------------------------------
     0 | D:1      | Ololoev, the Ghoul Gladiator, began the quest for the Orb.
     0 | D:1      | Reached XP level 1. HP: 17/17 MP: 1/1
   298 | D:1      | Reached skill level 3 in Maces & Flails
   382 | D:1      | Reached XP level 2. HP: 16/24 MP: 2/2
  1099 | D:2      | Reached XP level 3. HP: 28/28 MP: 3/3
  1262 | D:2      | Found a radiant altar of Vehumet.
  1359 | D:2      | Reached skill level 4 in Maces & Flails
  1753 | D:2      | Found an opulent altar of Gozag.
  1850 | D:2      | Found a snail-covered altar of Cheibriados.
  1857 | D:2      | Reached XP level 4. HP: 36/36 MP: 3/3
  2439 | D:2      | Reached skill level 5 in Maces & Flails
  2439 | D:2      | Reached XP level 5. HP: 23/41 MP: 4/4
  2983 | D:3      | Found a stormy altar of Qazlal.
  3203 | D:3      | Noticed Natasha
  3228 | D:3      | Killed Natasha
  3228 | D:3      | Killed from afar by Natasha

Action                   |  1- 3 |  4- 6 || total
-------------------------+-------+-------++-------
Melee: Flail             |   139 |   178 ||   317
 Abil: Evoke Invisibilit |     1 |       ||     1
Evoke: Wand              |       |     1 ||     1
  Use: Potion            |       |     5 ||     5
       Scroll            |       |     1 ||     1
 Stab: Invisible         |     1 |       ||     1
  Eat: Chunk             |    11 |    22 ||    33
